 Dungeon Crawl Stone Soup version 0.21.0-22-g11d5b52 (webtiles) character file.

324 Sharkov the Cudgeler (level 6, -1/51 HPs)
             Began as a Demonspawn Chaos Knight on Jan 18, 2018.
             Slain by a jackal (3 damage)
             ... on level 4 of the Dungeon.
             The game lasted 00:08:36 (2284 turns).

Sharkov the Cudgeler (Demonspawn Chaos Knight)      Turns: 2284, Time: 00:08:38

Health: -1/51      AC:  5    Str: 15    XL:     6   Next: 23%
Magic:  6/6        EV: 11    Int: 13    God:    Xom [....*.]
Gold:   146        SH:  0    Dex: 12    Spells: 5/5 levels left

rFire    . . .     SeeInvis .   i - +0 mace
rCold    . . .     Gourm    .   (no shield)
rNeg     . . .     Faith    .   b - +2 leather armour
rPois    .         Spirit   .   (helmet restricted)
rElec    .         Reflect  .   (no cloak)
rCorr    .         Harm     .   (no gloves)
MR       +....                  (no boots)
Stlth    +.........             (no amulet)
HPRegen  0.17/turn              l - ring of protection from magic
MPRegen  0.10/turn              (no ring)

@: flying
A: antennae 1, claws 1, talons 2, robust 1
a: Renounce Religion


You were on level 4 of the Dungeon.
You worshipped Xom.
You were a beloved toy of Xom.
You were not hungry.

You visited 1 branch of the dungeon, and saw 4 of its levels.

You collected 146 gold pieces.

Inventory:

Hand Weapons
 a - a +0 mace of chaos
 i - a +0 mace (weapon)
Armour
 b - a +2 leather armour (worn)
 e - a +0 shield
 p - a +0 plate armour
Jewellery
 l - a ring of protection from magic (left claw)
Wands
 f - a wand of random effects (46)
 r - a wand of polymorph (8)
Scrolls
 j - 2 scrolls of noise
 k - a scroll of identify
Potions
 g - a potion of flight
Comestibles
 c - 5 rations
 d - a chunk of flesh


   Skills:
 * Level 3.2 Fighting
 * Level 6.3 Maces & Flails
 - Level 1.7 Armour
 - Level 0.8 Dodging


You had 5 spell levels left.
You didn't know any spells.

Dungeon Overview and Level Annotations

Branches:
Dungeon (4/15)
 Temple: D:4-7

Altars:
Makhleb

Annotations:
D:2 1 exclusion
D:4 Blork the orc, Edmund


Innate Abilities, Weirdness & Mutations

You have a pair of small antennae on your head.
You have sharp fingernails.
You have razor-sharp toenails.
You are robust. (+10% HP)


Message History

* * * LOW HITPOINT WARNING * * *
The jackal closely misses you.
As you open the large door, it creaks loudly!
You hear an angry hiss. x2
Blork the orc appears from thin air!
Reactivating autopickup.
The jackal barely misses you.
The jackal bites you but does no damage.
The jackal bites you.
* * * LOW HITPOINT WARNING * * *
The jackal bites you but does no damage. x2
There is a large open door here.
The jackal bites you but does no damage.
The jackal barely misses you.
There is a large open door here.
The jackal closely misses you.
Your magical contamination has completely faded away.
The jackal bites you.
You die...
Xom is highly amused!

###..# ##
########..#### #.
.............# #.##
####......#.# #... {
+......# #
#..#######......#
#..#.......h....#
#..#...#.#####+##
#....(..$# #.@.#
##..#..#.# #rh.#
#...o...####$h.#
#####..{.......#h##
................'#####
###..###..####..oo...#
#.## #.....'.......#
#.# ####..........# ##
#...########


You could see Blork the orc, an orc, a quokka and 3 jackals.

Vanquished Creatures
  Sigmund (D:2)
  Ijyb (D:3)
  An iguana (D:4)
  Robin (D:1)
  4 adders
  2 oozes (D:1)
  2 worms (D:2)
  2 dart slugs
  A leopard gecko (D:2)
  5 bats
  2 giant cockroaches
  10 goblins
  8 hobgoblins
  7 jackals
  A ball python (D:2)
  3 frilled lizards
  5 kobolds
  A leopard gecko skeleton (D:4)
  5 rats
62 creatures vanquished.

Vanquished Creatures (collateral kills)
  A hobgoblin (D:1)
1 creature vanquished.

Vanquished Creatures (others)
  A giant cockroach (D:4)
1 creature vanquished.

Grand Total: 64 creatures vanquished

Notes
Turn   | Place    | Note
-------+----------+-------------------------------------------
     0 | D:1      | Sharkov the Demonspawn Chaos Knight began the quest for the Orb.
     0 | D:1      | Reached XP level 1. HP: 18/18 MP: 1/1
    96 | D:1      | Reached skill level 3 in Maces & Flails
    96 | D:1      | Gained mutation: You have a pair of small antennae on your head. [demonic ancestry]
    96 | D:1      | Reached XP level 2. HP: 22/24 MP: 2/2
   181 | D:1      | XOM: harmless Pois miscast
   250 | D:1      | XOM: cast spell 'Summon Small Mammal'
   502 | D:1      | Gained mutation: You have sharp fingernails. [demonic ancestry]
   502 | D:1      | Reached XP level 3. HP: 23/29 MP: 3/3
   639 | D:1      | XOM: divination: detect creatures
   829 | D:2      | Noticed Robin
   842 | D:1      | Killed Robin
   842 | D:1      | Reached skill level 4 in Maces & Flails
  1123 | D:2      | XOM: mild Necr miscast
  1167 | D:2      | XOM: silly message
  1173 | D:2      | Gained mutation: Armour fits poorly on your strangely shaped body. [potion of mutation]
  1173 | D:2      | Gained mutation: You are robust. (+10% HP) [potion of mutation]
  1173 | D:2      | Lost mutation: Armour fits poorly on your strangely shaped body. [potion of mutation]
  1173 | D:2      | Gained mutation: You have large cloven feet. [potion of mutation]
  1178 | D:2      | Reached XP level 4. HP: 19/38 MP: 4/4
  1461 | D:2      | XOM: cloud trail
  1498 | D:2      | Found a burning altar of Makhleb.
  1538 | D:2      | Noticed Sigmund
  1612 | D:2      | Killed Sigmund
  1612 | D:2      | Reached skill level 6 in Maces & Flails
  1612 | D:2      | Lost mutation: You have large cloven feet. [demonic ancestry]
  1612 | D:2      | Gained mutation: You have sharp toenails. [demonic ancestry]
  1612 | D:2      | Reached XP level 5. HP: 28/45 MP: 5/5
  1871 | D:3      | XOM: harmless Ice miscast
  1887 | D:3      | Noticed Ijyb
  1908 | D:3      | Killed Ijyb
  1908 | D:3      | Gained mutation: You have razor-sharp toenails. [demonic ancestry]
  1908 | D:3      | Reached XP level 6. HP: 45/51 MP: 6/6
  1920 | D:3      | XOM: polymorph adder -> giant cockroach
  2194 | D:4      | Noticed Edmund
  2201 | D:4      | XOM: enchant monster (good)
  2224 | D:4      | XOM: destruction
  2227 | D:4      | Noticed Blork the orc
  2279 | D:4      | HP: 1/51 [jackal (2)]
  2284 | D:4      | Slain by a jackal

Skill      XL: |  1  2  3  4 |
---------------+-------------+-----
Maces & Flails | 3 4 6 |  6.3
Fighting       | |  3.2
Armour         | |  1.7
Dodging        | |  0.8

Action                   |  1- 3 |  4- 6 || total
-------------------------+-------+-------++-------
Melee: Mace              |   116 |   109 ||   225
       Kick              |       |    21 ||    21
  Use: Potion            |     3 |     4 ||     7
       Scroll            |     2 |    11 ||    13
  Eat: Chunk             |     1 |     1 ||     2
       Ration            |       |     1 ||     1
Armor: Leather armour    |    56 |    43 ||    99
Dodge: Dodged            |    90 |   106 ||   196
